 Dungeon Crawl Stone Soup version 0.28.0-62-gf88900778d (webtiles) character file.

Game seed: 11852401761335787576

1378 cbfl8 the Sneak (level 8, -2/37 HPs)
             Began as a Spriggan Conjurer on June 28, 2023.
             Slain by Maggie
             ... wielding a +0 long sword
              (6 damage)
             ... on level 6 of the Dungeon.
             The game lasted 00:19:27 (9750 turns).

cbfl8 the Sneak (Spriggan Conjurer)                 Turns: 9750, Time: 00:19:27

Health: -2/37      AC:  2    Str:  5      XL:     8   Next: 39%
Magic:  14/15      EV: 20    Int: 18 (19) God:
Gold:   198        SH:  0    Dex: 18 (20) Spells: 4/15 levels left

rFire   . . .      SeeInvis +   n - +0 short sword
rCold   . . .      Faith    .   (no shield)
rNeg    . . .      Spirit   .   a - +0 robe
rPois   .          Reflect  .   (helmet restricted)
rElec   .          Harm     .   (no cloak)
rCorr   .          Rampage  .   (gloves unavailable)
Will    +....                   (boots unavailable)
Stlth   ++++......              j - amulet of magic regeneration
HPRegen 0.12/turn               b - +4 ring of slaying
MPRegen 0.54/turn               d - +6 ring of dexterity

@: mesmerised, very quick
A: very small, no large weapons, unfitting armour, see invisible, speed 3
a: no special abilities


You were on level 6 of the Dungeon.
You visited 1 branch of the dungeon, and saw 6 of its levels.

You collected 198 gold pieces.

Inventory:

Hand Weapons
 n - a +0 short sword (weapon)
Missiles
 g - a throwing net
Armour
 a - a +0 robe (worn)
Jewellery
 b - a +4 ring of slaying (left hand)
 d - a +6 ring of dexterity (right hand)
 e - a ring of protection from cold
 f - a +6 ring of dexterity
 j - an amulet of magic regeneration (around neck)
 u - a ring of flight
Wands
 m - a wand of flame (4)
Scrolls
 c - 2 scrolls of noise
 k - a scroll of amnesia {unknown}
 q - 2 scrolls of enchant armour
 s - a scroll of fog {unknown}
Potions
 h - a potion of ambrosia
 i - a potion of might {unknown}
 l - a potion of curing
 t - a potion of haste


   Skills:
 + Level 1.4 Fighting
 * Level 6.2 Short Blades
 + Level 5.5 Dodging
 * Level 6.5 Stealth
 + Level 4.3 Spellcasting
 + Level 4.1 Conjurations
 * Level 5.2 Evocations


You had 4 spell levels left.
You knew the following spells:

 Your Spells              Type           Power      Damage    Failure   Level
a - Magic Dart            Conj           72%        1d6       2%          1
b - Searing Ray           Conj           36%        2d5       4%          2
c - Mephitic Cloud        Conj/Pois/Air  8%         N/A       24%         3
d - Ignite Poison         Fire/Tmut/Pois 3%         N/A       38%         3
e - Blink                 Tloc           6%         N/A       22%         2

Your spell library contained the following spells:

 Spells                   Type           Power      Damage    Failure   Level
 Dazzling Flash           Conj/Hex       22%        N/A       19%         3
 Gell's Gravitas          Tloc           3%         N/A       38%         3
 Lesser Beckoning         Tloc           3%         N/A       38%         3
 Teleport Other           Tloc           3%         N/A       38%         3
 Fulminant Prism          Conj/Hex       5%         3d7       52%         4
 Iskenderun's Mystic Bla  Conj/Tloc      11%        2d4       52%         4
 Freezing Cloud           Conj/Ice/Air   4%         6-21      92%         5
 Manifold Assault         Tloc           3%         N/A       98%         5
 Storm Form               Tmut/Air       1%         N/A       100%        7


Dungeon Overview and Level Annotations

Branches:
Dungeon (6/15)
 Temple: D:4-7

Altars:
Ashenzari
Cheibriados
Makhleb
Okawaru
Trog
Xom
The Shining One

Shops:
D:1 (

Annotations:
D:4 3 runed translucent doors, cbfl8's ghost, amateur MiBe
D:6 Maggie


Innate Abilities, Weirdness & Mutations

You are very small and have problems with some larger weapons.
You are too small for most types of armour.
You have supernaturally acute eyesight. (SInv)
You cover ground extremely quickly. (Speed+++)


Message History

Aiming: Searing Ray (safe; 4% risk of failure)
Press: ? - help, Q - select action, (/) - cycle Shift-Dir - straight line, f/p - Maggie
Aim: Maggie, wielding a +0 long sword and wearing +2 swamp dragon scales (lightly wounded, 81% to hit)
The searing ray hits Maggie.
Maggie is lightly wounded. (Press . to maintain the ray.) Maggie gestures wildly while chanting.
Maggie attempts to bespell you!
You are mesmerised by Maggie!
The searing ray hits Maggie but does no damage.
Maggie is lightly wounded.
The searing ray hits Maggie.
Maggie is lightly wounded.
The searing ray hits the iguana.
The iguana is lightly wounded.
Maggie completely misses you.
The searing ray hits Maggie.
Maggie is moderately wounded.
The searing ray hits the iguana.
The iguana is heavily wounded.
You finish channelling your searing ray.
Maggie hits you with a +0 long sword!
An iguana comes into view.
Maggie completely misses you. The iguana closely misses you.
Maggie barely misses you. The iguana misses you.
Maggie hits you with a +0 long sword. The iguana closely misses you.
Maggie gestures wildly while chanting.
Maggie draws you further into her thrall.
The iguana bites you!
* * * LOW HITPOINT WARNING * * *
Maggie casts a spell.
Maggie draws you further into her thrall.
Unknown command.
As you read the scroll labelled JETOGR ZEFFOZE, it crumbles to dust.
The creatures around you are filled with an inner flame!
It was a scroll of immolation.
The iguana hisses angrily.
The iguana misses you. Maggie hits you with a +0 long sword.
You die...

.......... ........
##...... ... ###......
... .. ##..#..#. .. ....
.#.......####. ......#
.......@l.##.##......###
#....@..#.............
#.......#....# .......
##.#.)...#..# .......
###..##.##...###........
......###....?..........
..#.....#.........###...
# ##......<.l...##.≈....
##
#............###.≈....
.). #.#..........#
#.≈....


You could see Maggie (mesmerising, inner flame) and 2 iguanas.

Vanquished Creatures
  An ice beast (D:6)
  2 necrophages
  An ogre (D:6)
  Blork the orc (D:5)
  4 scorpions
  A howler monkey (D:5)
  3 hounds
  2 bullfrog skeletons
  A jelly (D:4)
  2 orc priests
  3 iguanas
  Natasha (thrice) (D:2)
  Terence (D:2)
  3 orc wizards
  A hound skeleton (D:4)
  8 adders
  A white imp (D:4)
  2 ufetubi (D:5)
  A worm (D:4)
  2 dart slugs
  9 orcs
  5 endoplasms
  4 giant cockroaches
  5 goblins
  7 hobgoblins
  3 jackals (D:2)
  7 quokkas
  3 ball pythons
  3 bats
  3 frilled lizards
  7 kobolds
  A quokka skeleton (D:4)
  3 rats
103 creatures vanquished.

Notes
Turn   | Place    | Note
-------+----------+-------------------------------------------
     0 | D:1      | cbfl8 the Spriggan Conjurer began the quest for the Orb.
     0 | D:1      | Reached XP level 1. HP: 9/9 MP: 5/5
   287 | D:1      | Reached skill level 1 in Short Blades
   484 | D:1      | Reached XP level 2. HP: 13/13 MP: 3/6
   609 | D:1      | Found Amiose's Antique Weapon Boutique.
   916 | D:2      | Noticed Natasha
   928 | D:2      | Killed Natasha
   929 | D:2      | Reached skill level 1 in Evocations
   929 | D:2      | Reached XP level 3. HP: 5/16 MP: 1/8
  1132 | D:2      | Noticed Natasha
  1263 | D:2      | Killed Natasha
  1352 | D:2      | Noticed Natasha
  1363 | D:2      | Killed Natasha
  1364 | D:2      | Reached XP level 4. HP: 21/21 MP: 2/9
  1441 | D:2      | Learned a level 2 spell: Searing Ray
  1653 | D:2      | Noticed Terence
  1661 | D:2      | Killed Terence
  1917 | D:2      | Found a snail-covered altar of Cheibriados.
  2105 | D:2      | Found a faded altar of an unknown god.
  2365 | D:2      | Reached XP level 5. HP: 24/24 MP: 11/11
  4103 | D:4      | Noticed a necrophage
  4116 | D:4      | Killed a necrophage
  4117 | D:4      | Reached XP level 6. HP: 25/29 MP: 12/12
  4213 | D:4      | Found a runed translucent gate.
  5338 | D:4      | Found a runed translucent gate.
  5340 | D:4      | Found a runed translucent gate.
  5466 | D:4      | Noticed cbfl8's ghost (amateur MiBe)
  5743 | D:4      | Found a shimmering altar of Xom.
  5745 | D:4      | Found a burning altar of Makhleb.
  5746 | D:4      | Found a bloodstained altar of Trog.
  5759 | D:4      | Found a broken altar of Ashenzari.
  6039 | D:5      | Entered Level 5 of the Dungeon
  6055 | D:5      | Learned a level 3 spell: Mephitic Cloud
  6059 | D:5      | Learned a level 3 spell: Ignite Poison
  6072 | D:5      | Found a glowing golden altar of the Shining One.
  6125 | D:5      | Noticed Blork the orc
  6363 | D:5      | Reached XP level 7. HP: 26/32 MP: 14/14
  6585 | D:5      | Found an iron altar of Okawaru.
  6605 | D:5      | Reached skill level 5 in Stealth
  7713 | D:5      | Reached skill level 1 in Fighting
  7713 | D:5      | Reached skill level 5 in Short Blades
  8684 | D:5      | Killed Blork the orc
  8846 | D:6      | Reached XP level 8. HP: 37/37 MP: 15/15
  9189 | D:6      | Reached skill level 5 in Dodging
  9493 | D:6      | Reached skill level 5 in Evocations
  9679 | D:6      | Learned a level 2 spell: Blink
  9736 | D:6      | Noticed Maggie
  9750 | D:6      | Slain by Maggie

Illustrated notes

Levels and vault maps discovered:
D:1:      psy_arrival_radial01, layout_basic, serial_shops,
          nicolae_shop_hallway_stairs
D:2:      layout_rooms, basic_altar, shapermc_ecumenical_altar_pompeii,
          chequers_serial_rivers_large_a, uniq_natasha, uniq_terence
D:3:      minmay_spotlight, layout_rooms, chequers_serial_rivers_small_3,
          chequers_serial_rivers_room_a, wad_orctagon
D:4:      layout_cave_pools, nicolae_overflow_quartered_altars,
          gammafunk_ghost_necromancy
D:5:      layout_rooms, mainiacjoe_overflow_catwalk,
          nicolae_tso_carved_into_rock, uniq_blork_the_orc
D:6:      layout_cave_pools, serial_rivers, chequers_serial_rivers_micro_a,
          chequers_serial_rivers_micro_b, chequers_serial_rivers_micro_c,
          chequers_serial_rivers_small_b, minmay_misc_feat_square,
          uniq_eustachio, uniq_maggie

Skill      XL: |  1  2  3  4  5  6  7  8 |
---------------+-------------------------+-----
Conjurations   | 3 4 |  4.1
Short Blades   | 1 2 3 4 5 6 |  6.2
Spellcasting   | 3 4 |  4.3
Evocations     | 1 2 3 4 5 |  5.2
Dodging        | 3 4 5 |  5.5
Stealth        | 4 6 |  6.5
Fighting       | 1 |  1.4

Action                   |  1- 3 |  4- 6 |  7- 9 || total
-------------------------+-------+-------+-------++-------
Melee: Unarmed           |     8 |    52 |       ||    60
       Punch             |       |     3 |     2 ||     5
       Short sword       |       |   134 |    89 ||   223
 Cast: Magic Dart        |    49 |    47 |    27 ||   123
       Searing Ray       |       |     3 |     9 ||    12
Evoke: Wand              |       |       |    20 ||    20
  Use: Scroll            |     2 |     2 |     5 ||     9
       Potion            |       |       |     7 ||     7
 Stab: Sleeping          |       |     6 |       ||     6
Armor: Robe              |       |    19 |    10 ||    29
Dodge: Dodged            |     6 |   174 |    99 ||   279
